 Dungeon Crawl Stone Soup version 0.18-a0-1273-g8ec5f8e (webtiles) character file.

2142 M4edhros the Covert (level 9, -3/53 HPs)
             Began as an Octopode Artificer on Feb 8, 2016.
             Slain by a sun demon (26 damage)
             ... on level 3 of the Abyss.
             The game lasted 00:17:27 (8480 turns).

M4edhros the Covert (Octopode Artificer)            Turns: 8480, Time: 00:17:31

Health: -3/53      AC:  0    Str: 12    XL:     9   Next: 30%
Magic:  9/13       EV: 24    Int: 18    God:    Xom [......]
Gold:   461        SH:  0    Dex: 10    Spells: 0 memorised, 8 levels left

rFire  . . .     SeeInvis .     (weapon currently unavailable)
rCold  . . .     Gourm    .     (shield currently unavailable)
rNeg   . . .     Faith    .     (helmet currently unavailable)
rPois  .         Spirit   .     (amulet currently unavailable)
rElec  .         Dismiss  .     (ring currently unavailable)
rCorr  .         Reflect  .     (ring currently unavailable)
SustAt .         Harm     .     (ring currently unavailable)
MR     .....                    (ring currently unavailable)
Stlth  ++++......               (ring currently unavailable)
                                (ring currently unavailable)
                                (ring currently unavailable)
                                (ring currently unavailable)

@: about to teleport, porcupine-form, flying, very slightly contaminated,
non-regenerating, badly diseased, quick, not resistant to hostile enchantments,
stealthy
A: almost no armour, amphibious, (8 rings), (constrict 8), (antennae 0), (beak),
repulsion field 1, (camouflage 0), blurry vision 1, clumsy 1, (poison
resistance), strong 1, (gelatinous body 0)
a: Renounce Religion


You were on level 3 of the Abyss.
You worshipped Xom.
You were a very special plaything of Xom.
You were hungry.
You were a spiny porcupine.
You visited 2 branches of the dungeon, and saw 8 of its levels.
You visited the Abyss 1 time.

You collected 461 gold pieces.

Inventory:

Hand Weapons
 a - a +2 short sword of speed (melded)
 n - a +1 scythe of protection
 o - a +0 longbow
 x - a +3 quarterstaff of chaos
Missiles
 q - 6 javelins
 s - 128 arrows
 A - 50 stones
 K - 4 tomahawks of returning (quivered)
Armour
 B - the +6 shield "Vifism" (melded) {-Tele rElec rC++ MR+}
   (You found it on level 5 of the Dungeon)

   It greatly protects you from cold.
   It insulates you from electricity.
   It affects your resistance to hostile enchantments.
   It prevents most forms of teleportation.
 R - a +1 hat of see invisible (melded)
Jewellery
 F - a ring of poison resistance (melded)
 H - an uncursed ring of ice
 I - a cursed ring of loudness (melded)
 Q - an amulet of guardian spirit (melded)
Wands
 b - a wand of flame (1/48)
 c - a wand of enslavement (14/24)
 d - a wand of random effects (14/48)
 j - a wand of random effects (26/48)
 m - a wand of paralysis (0/24)
 t - a wand of slowing (15/48)
 N - a wand of enslavement (18/24)
 O - a wand of disintegration (10/24)
 S - a wand of hasting (5/9)
 T - a wand of flame (34/48)
 U - a wand of paralysis (15/24)
Scrolls
 e - a scroll of noise {unknown}
 g - 6 scrolls of identify {unknown}
 h - 5 scrolls of enchant weapon {unknown}
 i - a scroll of teleportation
 k - 2 scrolls of amnesia {unknown}
 p - 3 scrolls of remove curse {unknown}
 v - 2 scrolls of immolation {unknown}
 y - a scroll of fear {unknown}
 D - a scroll of holy word {unknown}
 J - a scroll of enchant armour {unknown}
 W - a scroll of magic mapping {unknown}
Potions
 l - 4 potions of curing
 u - a potion of flight
 z - a potion of lignification {unknown}
 C - 3 potions of might {unknown}
 E - a potion of heal wounds {unknown}
 L - a potion of invisibility {unknown}
 M - 2 potions of cancellation {unknown}
 P - a potion of brilliance {unknown}
 V - a potion of agility {unknown}
Comestibles
 f - 5 bread rations
 r - 3 meat rations
 w - 2 slices of pizza
 G - a fruit


   Skills:
 - Level 1.0 Fighting
 - Level 1.0 Short Blades
 * Level 7.7 Dodging
 * Level 11.0 Stealth
 + Level 6.6 Evocations


You had 8 spell levels left.
You didn't know any spells.

Dungeon Overview and Level Annotations

Branches:
Dungeon (7/15)             Temple (1/1) D:5

Altars:
Ashenzari
Cheibriados
Dithmenos
Elyvilon
Fedhas
Gozag
Kikubaaqudgha
Nemelex Xobeh
Okawaru
Pakellas
Qazlal
Ru
Sif Muna
Trog
Vehumet
Xom
Yredelemnul
Zin
The Shining One


Innate Abilities, Weirdness & Mutations

You cannot wear most types of armour.
You are amphibious.
((You can wear up to eight rings at the same time.))
((You can use your tentacles to constrict eight enemies at once.))
((Your skin changes colour to match your surroundings (Stealth).))
((Your rubbery body absorbs attacks (AC +1).))
((You have a pair of small antennae on your head.))
((You have a beak for a mouth.))
You are surrounded by a mild repulsion field (EV +2).
Scrolls take you a little longer to read.
You are clumsy. (Dex -2)
((Your system is resistant to poisons.))
Your muscles are strong. (Str +2)


Message History

You are now a very special plaything of Xom.
Read which item? (? for menu, Esc to quit)
You begin reading the scroll.
You continue reading the scroll.
As you read the scroll labeled TOCEKLOARO, it crumbles to dust.
You feel strangely unstable.
You feel the power of the Abyss delaying your translocation!
It was a scroll of teleportation.
You feel yourself slow down.
Evoke which item? (* to show all) (? for menu, Esc to quit)
You have no means to grasp a wand firmly enough.
Read which item? (? for menu, Esc to quit)
Okay, then.
Drink which item? (? for menu, Esc to quit)
It was a potion of flight.
You feel very buoyant.
You fly up into the air.
Xom thinks this is hilarious!
The sun demon hits you!!
You die...
Xom chuckles heartily!

### ##r# ##.3#
#5#§# ## ##§##
# #.####§#3###
.
#.#.##§.##.#.#
##.. .X......#
#.##.###. .##
###..... # .#


You could see a sun demon and a friendly ufetubus (wandering).

Vanquished Creatures
  Sigmund (D:3)
  A hungry ghost (D:4)
  A hippogriff (D:7)
  A sky beast (D:7)
  A necrophage (D:5)
  A phantom (D:5)
  A black bear (D:7)
  2 ogres (D:4)
  A scorpion (D:4)
  A water moccasin skeleton (D:6)
  The ghost of M4edhros the Charlatan, a weakling OpAr (D:4)
  5 crimson imps
  2 orc priests
  3 hounds
  A giant frog skeleton (D:7)
  6 orc wizards
  Crazy Yiuf (D:4)
  5 worker ants
  A hound skeleton (D:5)
  8 adders
  A shadow imp (D:5)
  2 oozes
  An adder zombie (D:6)
  2 worms
  2 giant geckos
  14 orcs
  A ball python (D:1)
  5 giant cockroaches
  4 goblins
  3 hobgoblins
  14 jackals
  6 kobolds
  3 quokkas
  9 bats
  8 giant newts
  9 rats
128 creatures vanquished.

Vanquished Creatures (collateral kills)
  The ghost of M4edhros the Sneak, a novice OpAr of Xom (D:6)
  A giant frog (D:6)
  An adder (D:4)
3 creatures vanquished.

Vanquished Creatures (others)
  An orc wizard (D:4)
1 creature vanquished.

Grand Total: 132 creatures vanquished

Notes
Turn   | Place    | Note
--------------------------------------------------------------
     0 | D:1      | M4edhros the Octopode Artificer began the quest for the Orb.
     0 | D:1      | Reached XP level 1. HP: 13/13 MP: 3/3
    93 | D:1      | Reached XP level 2. HP: 18/18 MP: 4/4
   598 | D:1      | Reached XP level 3. HP: 19/23 MP: 5/5
   653 | D:2      | Found a shattered altar of Ashenzari.
  1193 | D:2      | Found an oddly glowing altar of Pakellas.
  1610 | D:3      | Reached XP level 4. HP: 23/28 MP: 6/6
  2023 | D:3      | Noticed Sigmund
  2045 | D:3      | Killed Sigmund
  2045 | D:3      | Reached skill level 4 in Dodging
  2045 | D:3      | Reached skill level 5 in Stealth
  2045 | D:3      | Reached XP level 5. HP: 16/33 MP: 6/8
  2045 | D:3      | Reached XP level 6. HP: 18/38 MP: 6/9
  2530 | D:3      | Found a glowing golden altar of the Shining One.
  3077 | D:4      | Reached skill level 6 in Stealth
  3308 | D:4      | Noticed M4edhros's ghost (weakling OpAr)
  3314 | D:4      | Reached XP level 7. HP: 30/43 MP: 10/10
  3319 | D:4      | Reached skill level 5 in Dodging
  3573 | D:4      | Killed M4edhros's ghost
  3573 | D:4      | Reached skill level 5 in Evocations
  3601 | D:4      | Reached skill level 7 in Stealth
  3610 | D:4      | Found a stormy altar of Qazlal.
  3788 | D:4      | Noticed Crazy Yiuf
  3792 | D:4      | Killed Crazy Yiuf
  3813 | D:4      | Found a shadowy altar of Dithmenos.
  4043 | D:4      | Noticed a hungry ghost
  4052 | D:4      | Killed a hungry ghost
  4052 | D:4      | Reached skill level 8 in Stealth
  4052 | D:4      | Reached XP level 8. HP: 44/48 MP: 10/12
  4099 | D:5      | Entered Level 5 of the Dungeon
  4245 | D:5      | Got a crude shield
  4251 | D:5      | Identified the +6 shield "Vifism" {-Tele rElec rC++ MR+} (You found it on level 5 of the Dungeon)
  4545 | D:5      | Found a staircase to the Ecumenical Temple.
  4554 | Temple   | Entered the Ecumenical Temple
  4655 | Temple   | Became a worshipper of Xom of Chaos
  4856 | Temple   | XOM: harmless Ice miscast
  5251 | D:5      | XOM: harmless Chrm miscast
  5267 | D:5      | Found a bloodstained altar of Trog.
  5277 | D:5      | Found an opulent altar of Gozag.
  5277 | D:5      | Found a glowing silver altar of Zin.
  5377 | D:5      | XOM: colour smoke trail
  5892 | D:5      | XOM: harmless Erth miscast
  5933 | D:5      | Reached skill level 9 in Stealth
  6111 | D:5      | XOM: harmless Summ miscast
  6129 | D:5      | XOM: god gift: 4 tomahawks of returning
  6406 | D:6      | Noticed M4edhros's ghost (novice OpAr)
  6460 | D:6      | XOM: summons friendly orange demon
  6477 | D:6      | Killed M4edhros's ghost
  6477 | D:6      | Reached skill level 10 in Stealth
  6477 | D:6      | Reached XP level 9. HP: 53/53 MP: 13/13
  6722 | D:6      | XOM: god gift: 35 gold pieces
  6832 | D:6      | Gained mutation: You have a pair of small antennae on your head. [potion of beneficial mutation]
  7152 | D:6      | XOM: god gift: runed golden amulet {god gift}
  7183 | D:6      | XOM: vitrification
  7352 | D:7      | Gained mutation: Your system is resistant to poisons. [mutagenic meat]
  7354 | D:7      | Gained mutation: Scrolls take you a little longer to read. [mutagenic meat]
  7355 | D:7      | Gained mutation: Your muscles are strong. (Str +2) [mutagenic meat]
  7356 | D:7      | Gained mutation: You are surrounded by a mild repulsion field (EV +2). [mutagenic meat]
  7357 | D:7      | Gained mutation: You have a beak for a mouth. [mutagenic meat]
  7427 | D:7      | XOM: god gift: 12 stones
  7727 | D:7      | XOM: god gift: embroidered hat {god gift}
  7757 | D:7      | XOM: god gift: gold wand {god gift}
  7833 | D:7      | XOM: stat loss: -1 Dex (11/12)
  7916 | D:7      | XOM: summons 4 hostile demons
  8147 | D:7      | XOM: give mutation
  8147 | D:7      | Gained mutation: You are clumsy. (Dex -2) [Xom's mischief]
  8268 | D:7      | Reached skill level 11 in Stealth
  8380 | D:7      | XOM: mild Fire miscast
  8401 | D:7      | XOM: medium Tloc miscast
  8401 | D:7      | Cast into level 3 of the Abyss (the capriciousness of Xom)
  8415 | Abyss:3  | Noticed a shadow demon
  8418 | Abyss:3  | Noticed a red devil
  8421 | Abyss:3  | Noticed an ancient zyme
  8421 | Abyss:3  | Noticed an ancient zyme
  8421 | Abyss:3  | Noticed a large abomination
  8425 | Abyss:3  | XOM: blink monster(s)
  8431 | Abyss:3  | Noticed a tentacled starspawn
  8442 | Abyss:3  | XOM: severe Trmt miscast
  8453 | Abyss:3  | Noticed a sun demon
  8471 | Abyss:3  | XOM: summons friendly ufetubus
  8472 | Abyss:3  | XOM: fog
  8480 | Abyss:3  | Slain by a sun demon

Vault maps used:
D:1:      shiori_arrival_oz
D:2:      nicolae_ashenzari_panopticon, grunt_pakellas_mercury
D:3:      tso_oasis_becter, first_bread, grunt_ministairs_9, uniq_sigmund
D:4:      overflow_temple_1_default, grunt_qazlal_clouds, grunt_decor_fettered,
          uniq_crazy_yiuf_cottage
D:5:      gammafunk_temple_overflow_forgotten, temple_fountains
D:7:      uniq_pikel
Temple:   oiseaux_autumnal_temple_12
Abyss:3:  evilmike_abyss_rune_acolytes_1

Action                   |  1- 3 |  4- 6 |  7- 9 || total
-------------------------+-------+-------+-------++-------
Melee: Short sword       |    69 |    60 |   208 ||   337
       Scythe            |       |    33 |       ||    33
 Fire: Longbow           |       |     7 |       ||     7
Throw: Tomahawk          |       |       |     4 ||     4
Evoke: Wand              |       |     3 |    17 ||    20
  Use: Potion            |       |       |     2 ||     2
       Scroll            |       |       |     1 ||     1
 Stab: Sleeping          |    15 |     3 |    21 ||    39
       Paralysed         |       |     2 |       ||     2
       Distracted        |       |       |     2 ||     2
  Eat: Chunk             |       |     7 |    21 ||    28
       Royal jelly       |       |       |     1 ||     1
